 Dungeon Crawl Stone Soup version 0.29-a0-490-g77b3608bb8 (webtiles) character file.

Game seed: 15031052983412846288

3887 testman the Spear-Bearer (level 10, -2/74 HPs)
             Began as a Gnoll Wanderer on May 26, 2022.
             Was a High Priest of Fedhas.
             Slain by a brown ugly thing (7 damage)
             ... on level 7 of the Dungeon.
             The game lasted 00:22:50 (7394 turns).

testman the Spear-Bearer (Gnoll Wanderer)           Turns: 7394, Time: 00:22:52

Health: -2/74      AC:  5    Str: 31    XL:     10   Next: 19%
Magic:  17/17      EV: 13    Int:  9    God:    Fedhas [*****.]
Gold:   397        SH:  5    Dex: 10    Spells: 18/19 levels left

rFire   . . .      SeeInvis +   b - +2 trident (venom)
rCold   . . .      Faith    .   o - +0 buckler
rNeg    . . .      Spirit   .   I - +0 steam dragon scales
rPois   .          Reflect  .   B - +0 helmet of Poor Excuses {Str+7 Dex-2 SInv}
rElec   .          Harm     .   (no cloak)
rCorr   .          Rampage  .   p - +1 pair of gloves
Will    .....                   (no boots)
Stlth   +++.......              (no amulet)
HPRegen 0.22/turn               h - +4 ring of protection
MPRegen 0.15/turn               K - +6 ring of strength

@: corroded
A: fangs 1, strong nose, distributed training
a: Renounce Religion, Wall of Briars, Grow Ballistomycete, Overgrow, Grow Oklob


You were on level 7 of the Dungeon.
You worshipped Fedhas.
Fedhas was extremely pleased with you.
You visited 1 branch of the dungeon, and saw 7 of its levels.

You collected 397 gold pieces.

Inventory:

Hand Weapons
 a - a +2 vampiric spear
 b - a +2 trident of venom (weapon)
 D - a +0 arbalest
Missiles
 l - 3 throwing nets
 r - 7 boomerangs
 s - 24 poisoned darts
Armour
 i - a +2 robe of the Archmagi
 j - a +0 helmet
 o - a +0 buckler (worn)
 p - a +1 pair of gloves (worn)
 w - a +1 leather armour of fire resistance
 B - the +0 helmet of Poor Excuses (worn) {Str+7 Dex-2 SInv}
   (You found it on level 6 of the Dungeon)

   Str:       It affects your strength (+7).
   Dex:       It affects your dexterity (-2).
   SInv:      It lets you see invisible.
 I - +0 steam dragon scales (worn)
Jewellery
 h - a +4 ring of protection (left hand)
 u - a +4 ring of evasion
 x - a +4 ring of protection
 K - a +6 ring of strength (right hand)
 M - a +4 ring of protection
Wands
 G - a wand of charming (2)
 L - a wand of flame (9)
Scrolls
 e - 2 scrolls of immolation
 f - a scroll of brand weapon
 n - 2 scrolls of fog
 q - a scroll of teleportation
 t - a scroll of identify
 H - a scroll of blinking {unknown}
Potions
 d - 2 potions of brilliance
 g - 4 potions of curing
 k - 3 potions of flight
 m - a potion of ambrosia
 z - a potion of attraction
 A - a potion of haste {unknown}
 E - 2 potions of heal wounds {unknown}
 J - a potion of might {unknown}
Miscellaneous
 c - a piece from Xom's chessboard (11/15) (quivered)


   Skills:
 + Level 5.0 Fighting
 + Level 5.0 Short Blades
 + Level 5.0 Long Blades
 + Level 5.0 Axes
 + Level 5.0 Maces & Flails
 + Level 10.0 Polearms
 + Level 5.0 Staves
 + Level 5.0 Slings
 + Level 5.0 Bows
 + Level 6.9 Crossbows
 + Level 5.0 Throwing
 + Level 5.0 Armour
 + Level 6.9 Dodging
 + Level 5.0 Stealth
 + Level 5.0 Shields
 + Level 5.0 Unarmed Combat
 + Level 5.0 Spellcasting
 + Level 4.1 Conjurations
 + Level 4.1 Hexes
 + Level 4.1 Summonings
 + Level 4.1 Necromancy
 + Level 4.1 Translocations
 + Level 4.1 Transmutations
 + Level 4.1 Fire Magic
 + Level 4.1 Ice Magic
 + Level 4.1 Air Magic
 + Level 4.1 Earth Magic
 + Level 4.1 Poison Magic
 + Level 5.5 Invocations
 + Level 6.9 Evocations


You had 18 spell levels left.
You knew the following spells:

 Your Spells              Type           Power      Damage    Failure   Level
a - Apportation           Tloc           18%        N/A       5%          1

Your spell library contained the following spells:

 Spells                   Type           Power      Damage    Failure   Level
 Ignite Poison            Fire/Tmut/Pois 9%         N/A       17%         3
 Mephitic Cloud           Conj/Pois/Air  9%         N/A       17%         3
 Alistair's Intoxication  Tmut/Pois      6%         N/A       83%         5
 Freezing Cloud           Conj/Ice/Air   4%         6-21      83%         5
 Eringya's Noxious Bog    Tmut/Pois      4%         N/A       100%        6
 Simulacrum               Ice/Necr       4%         N/A       100%        6


Dungeon Overview and Level Annotations

Branches:
Dungeon (7/15)             Temple (0/1) D:4

Altars:
Fedhas
Vehumet


Innate Abilities, Weirdness & Mutations

You have very sharp teeth.
Your uncanny sense of smell can sniff out nearby items.
Your experience applies equally to all skills.


Message History

You puncture the brown ugly thing!
The brown ugly thing looks as sick as possible!
Your bite misses the brown ugly thing.
The brown ugly thing is moderately wounded.
The brown ugly thing stings you. The acid corrodes you!
You are splashed with acid!
You completely miss the brown ugly thing.
The brown ugly thing is moderately wounded.
The brown ugly thing stings you!
You are splashed with acid!
* * * LOW HITPOINT WARNING * * *
You are too injured to fight recklessly!
You are too injured to fight recklessly!
Okay, then.
Okay, then.
As you read the scroll labelled SAOSHRA PUEGUEW, it crumbles to dust.
The scroll dissolves into smoke.
It was a scroll of fog.
The brown ugly thing misses you.
Okay, then.
As you read the scroll labelled YCWEDOU HALOU, it crumbles to dust.
It is a scroll of enchant weapon.
Your +1 trident of venom glows red for a moment.
The brown ugly thing stings you.
* * * LOW HITPOINT WARNING * * *
The acid corrodes you!
You are splashed with acid!
* * * LOW HITPOINT WARNING * * *
Okay, then.
As you read the scroll labelled YGOOMO KOIMYC, it crumbles to dust.
You feel aware of your surroundings.
It was a scroll of magic mapping.
The brown ugly thing completely misses you.
Nothing appears to happen.
As you read the scroll labelled TAFAWO ELAME, it crumbles to dust.
It was a scroll of poison.
The brown ugly thing closely misses you.
As you read the scroll labelled XEMUSY IMNEZAR, it crumbles to dust.
Your body is wracked with pain!
* * * LOW HITPOINT WARNING * * *
The brown ugly thing convulses!
It was a scroll of torment.
The brown ugly thing stings you!
You die...
Fedhas appreciates your contribution to the ecosystem.

...............#.#.##***.#
#....
....##.##..###.#..#.##∆*.#
#####
....##.###.###.#.###.#,,.#
....##.......#.#..#.####.#####
....#######..#.#.###.#.u.#...#
##### #..#.#..#.#.#.##...#
#### ##.#.#§########....#
...### #...#u§§..........#
.....# #...#@§#.#........#
##.#.# #...#§§#.#........#
...#.# #...§§§#.#........#
#..#.#########.#.##.#........#
#.÷#..........>.....#........#
#..#############.####........#
#.........#.# #.# ##########
#...........# #.#
#########.#.# #.#


You could see a brown ugly thing (fast, very poisoned, slow).

Vanquished Creatures
  A cyclops (D:7)
  Grinder (D:3)
  Sigmund (D:6)
  2 wyverns (D:7)
  Eustachio (D:4)
  A steam dragon (D:7)
  4 water moccasins
  2 ice beasts
  A black bear (D:7)
  2 ogres
  A centaur (D:6)
  A phantom (D:6)
  A kobold brigand (D:7)
  A gnoll sergeant (D:7)
  6 scorpions
  2 necrophages
  A howler monkey (D:5)
  6 jellies
  3 orc priests
  2 gnoll shamans
  5 iguanas
  Natasha (D:3)
  7 orc wizards
  8 gnolls
  10 adders
  A worm (D:3)
  5 dart slugs
  12 orcs
  14 endoplasms
  2 giant cockroaches
  8 hobgoblins
  A jackal (D:4)
  11 quokkas
  6 ball pythons
  8 bats
  6 frilled lizards
  6 goblins
  10 kobolds
  9 rats
170 creatures vanquished.

Vanquished Creatures (others)
  An orc wizard (D:5)
  An ufetubus (D:7)
  A fungus (D:2)
  4 plants (D:2)
7 creatures vanquished.

Grand Total: 177 creatures vanquished

Notes
Turn   | Place    | Note
-------+----------+-------------------------------------------
     0 | D:1      | testman the Gnoll Wanderer began the quest for the Orb.
     0 | D:1      | testman set off with the following items: a +2 spear, a +0
                  | hand crossbow, a piece from Xom's chessboard (15/15), a
                  | potion of brilliance, a +0 leather armour
     0 | D:1      | Reached XP level 1. HP: 13/13 MP: 1/1
   102 | D:1      | Reached XP level 2. HP: 19/19 MP: 2/2
   172 | D:1      | Found a faded altar of an unknown god.
   180 | D:1      | Prayed at the altar of an unknown god.
   180 | D:1      | Became a worshipper of Fedhas Madash
   180 | D:1      | Reached * piety under Fedhas
   300 | D:1      | Reached XP level 3. HP: 17/25 MP: 3/3
   758 | D:2      | Reached skill level 1 in Invocations
   782 | D:2      | Reached skill level 1 in Fighting
   782 | D:2      | Reached skill level 1 in Short Blades
   782 | D:2      | Reached skill level 1 in Long Blades
   782 | D:2      | Reached skill level 1 in Axes
   782 | D:2      | Reached skill level 1 in Maces & Flails
   782 | D:2      | Reached skill level 1 in Staves
   782 | D:2      | Reached skill level 1 in Slings
   782 | D:2      | Reached skill level 1 in Bows
   782 | D:2      | Reached skill level 1 in Throwing
   782 | D:2      | Reached skill level 1 in Armour
   782 | D:2      | Reached skill level 1 in Stealth
   782 | D:2      | Reached skill level 1 in Shields
   782 | D:2      | Reached skill level 1 in Unarmed Combat
   782 | D:2      | Reached skill level 1 in Spellcasting
   789 | D:2      | Reached ** piety under Fedhas
   875 | D:2      | Reached XP level 4. HP: 32/32 MP: 5/5
  1121 | D:2      | Found a radiant altar of Vehumet.
  1521 | D:3      | Reached skill level 1 in Conjurations
  1521 | D:3      | Reached skill level 1 in Hexes
  1521 | D:3      | Reached skill level 1 in Summonings
  1521 | D:3      | Reached skill level 1 in Necromancy
  1521 | D:3      | Reached skill level 1 in Translocations
  1521 | D:3      | Reached skill level 1 in Transmutations
  1521 | D:3      | Reached skill level 1 in Fire Magic
  1521 | D:3      | Reached skill level 1 in Ice Magic
  1521 | D:3      | Reached skill level 1 in Air Magic
  1521 | D:3      | Reached skill level 1 in Earth Magic
  1521 | D:3      | Reached skill level 1 in Poison Magic
  1973 | D:3      | Noticed Grinder
  2232 | D:3      | Reached XP level 5. HP: 37/37 MP: 6/6
  2268 | D:3      | Noticed Natasha
  2276 | D:3      | Killed Natasha
  2328 | D:3      | Paralysed by Grinder for 3 turns
  2332 | D:3      | Killed Grinder
  2333 | D:3      | Reached skill level 5 in Crossbows
  2333 | D:3      | Reached skill level 5 in Dodging
  2333 | D:3      | Reached skill level 5 in Evocations
  2333 | D:3      | Reached XP level 6. HP: 11/44 MP: 7/9
  2660 | D:3      | Learned a level 1 spell: Apportation
  2948 | D:4      | Reached *** piety under Fedhas
  3054 | D:4      | Noticed Eustachio
  3136 | D:4      | Reached XP level 7. HP: 46/50 MP: 10/10
  3204 | D:4      | Killed Eustachio
  3585 | D:4      | Reached skill level 9 in Polearms
  3799 | D:4      | Found a staircase to the Ecumenical Temple.
  3989 | D:5      | Entered Level 5 of the Dungeon
  4156 | D:5      | Reached XP level 8. HP: 54/57 MP: 12/12
  4273 | D:5      | Reached **** piety under Fedhas
  5369 | D:6      | Reached XP level 9. HP: 64/65 MP: 14/14
  5655 | D:6      | Noticed Sigmund
  5678 | D:6      | Killed Sigmund
  5815 | D:6      | Identified the +0 helmet of Poor Excuses {Str+7 Dex-2 SInv}
  6350 | D:7      | Reached skill level 5 in Invocations
  6395 | D:7      | Reached ***** piety under Fedhas
  6640 | D:7      | Noticed a cyclops
  6649 | D:7      | Killed a cyclops
  6650 | D:7      | Reached XP level 10. HP: 22/73 MP: 17/17
  6650 | D:7      | Noticed a brown ugly thing
  6888 | D:7      | Reached skill level 5 in Fighting
  6888 | D:7      | Reached skill level 5 in Short Blades
  6888 | D:7      | Reached skill level 5 in Long Blades
  6888 | D:7      | Reached skill level 5 in Axes
  6888 | D:7      | Reached skill level 5 in Maces & Flails
  6888 | D:7      | Reached skill level 5 in Staves
  6888 | D:7      | Reached skill level 5 in Slings
  6888 | D:7      | Reached skill level 5 in Bows
  6888 | D:7      | Reached skill level 5 in Throwing
  6888 | D:7      | Reached skill level 5 in Armour
  6888 | D:7      | Reached skill level 5 in Stealth
  6888 | D:7      | Reached skill level 5 in Shields
  6888 | D:7      | Reached skill level 5 in Unarmed Combat
  6888 | D:7      | Reached skill level 5 in Spellcasting
  7092 | D:7      | Reached skill level 10 in Polearms
  7275 | D:7      | Got the Disquisition on Virous Black Rituals
  7394 | D:7      | Slain by a brown ugly thing

Illustrated notes

Levels and vault maps discovered:
D:1:      wander_arrival_estate, layout_loops_ring,
          shapermc_ecumenical_altar_pompeii
D:2:      layout_rooms, serial_forest, infiniplex_forest_clump_large,
          infiniplex_forest_straight_3, infiniplex_forest_lined_corner,
          infiniplex_forest_end_3, infiniplex_forest_end_3,
          infiniplex_forest_clump_small, infiniplex_forest_clump_small,
          basic_altar, dreamdust_mushroom_princess
D:3:      layout_basic, uniq_grinder, uniq_natasha
D:4:      layout_basic, minmay_temple_entry_enclosed_plants, minmay_vboxes,
          uniq_eustachio
D:5:      layout_loops_cross, chequers_serial_rivers_marsh,
          minmay_a_box_with_orc_wizards_in_it
D:6:      layout_basic, grunt_ministairs_3, uniq_sigmund
D:7:      layout_basic, serial_bayou_pond_d, minmay_small_thing

Skill      XL: |  1  2  3  4  5  6  7  8  9 10 |
---------------+-------------------------------+-----
Invocations    | 1 2 3 4 5 |  5.5
Fighting       | 1 2 3 4 5 |  5.0
Short Blades   | 1 2 3 4 5 |  5.0
Long Blades    | 1 2 3 4 5 |  5.0
Axes           | 1 2 3 4 5 |  5.0
Maces & Flails | 1 2 3 4 5 |  5.0
Staves         | 1 2 3 4 5 |  5.0
Slings         | 1 2 3 4 5 |  5.0
Bows           | 1 2 3 4 5 |  5.0
Throwing       | 1 2 3 4 5 |  5.0
Armour         | 1 2 3 4 5 |  5.0
Stealth        | 1 2 3 4 5 |  5.0
Shields        | 1 2 3 4 5 |  5.0
Unarmed Combat | 1 2 3 4 5 |  5.0
Spellcasting   | 1 2 3 4 5 |  5.0
Conjurations   | 1 2 3 4 |  4.1
Hexes          | 1 2 3 4 |  4.1
Summonings     | 1 2 3 4 |  4.1
Necromancy     | 1 2 3 4 |  4.1
Translocations | 1 2 3 4 |  4.1
Transmutations | 1 2 3 4 |  4.1
Fire Magic     | 1 2 3 4 |  4.1
Ice Magic      | 1 2 3 4 |  4.1
Air Magic      | 1 2 3 4 |  4.1
Earth Magic    | 1 2 3 4 |  4.1
Poison Magic   | 1 2 3 4 |  4.1
Crossbows      | 5 6 |  6.9
Dodging        | 5 6 |  6.9
Evocations     | 5 6 |  6.9
Polearms       | 9 10 | 10.0

Action                   |  1- 3 |  4- 6 |  7- 9 | 10-12 || total
-------------------------+-------+-------+-------+-------++-------
Melee: Spear             |   100 |   239 |   419 |       ||   758
       Bite              |     4 |    18 |    57 |     3 ||    82
       Punch             |     1 |       |       |       ||     1
       Trident           |       |       |   133 |    26 ||   159
 Fire: Hand crossbow     |       |     4 |       |       ||     4
Evoke: Piece from Xom's  |       |       |     2 |     4 ||     6
  Use: Scroll            |       |     2 |     8 |     6 ||    16
 Stab: Sleeping          |     6 |     3 |     9 |       ||    18
       Distracted        |       |       |     1 |       ||     1
Armor: Leather armour    |    14 |    46 |   114 |       ||   174
       Steam dragon scal |       |       |     8 |     8 ||    16
Dodge: Dodged            |    31 |   101 |   223 |    13 ||   368
Block: Buckler           |     1 |    25 |    61 |     4 ||    91

Table legend: (Time is in decaauts)
 A = Elapsed time spent in this place.
 B = Non-inter-level travel time spent in this place.
 C = Inter-level travel time spent in this place.
 D = Time resting spent in this place.
 E = Time spent auto-exploring this place.
 F = Levels seen in this place.
 G = Mean time per level.
                   A        B        C        D        E       F      G
               +--------+--------+--------+--------+--------+-----+--------+
         Total |   7151 |   6938 |    213 |    850 |   4711 |   7 | 1021.6 |
       Dungeon |   7151 |   6938 |    213 |    850 |   4711 |   7 | 1021.6 |
               +--------+--------+--------+--------+--------+-----+--------+

Top non-repeatable levels by time:
     D:3: 1436 daAuts
     D:7: 1204 daAuts
     D:5: 1174 daAuts
     D:4: 1008 daAuts
     D:6: 911 daAuts
     D:1: 731 daAuts
     D:2: 686 daAuts
